 Dungeon Sprint DCSS version 0.29-a0-307-gecccbbdb84 (webtiles) character file.

Game seed: 15918989601434142600

579 Conn the Arsonist (level 7, 0/46 HPs)
             Began as an Octopode Fire Elementalist on Mar 27, 2022.
             Was an Initiate of Sif Muna.
             Slain by a tentacle (27 damage)
             ... attached to a kraken
             ... in the Dungeon (Sprint II: "The Violet Keep of Menkaure").
             The game lasted 00:04:15 (227 turns).

Conn the Arsonist (Octopode Fire Elementalist)       Turns: 227, Time: 00:04:16

Health: 0/46       AC:  1    Str: 10    XL:     7   Next: 36%
Magic:  16/16      EV: 14    Int: 17    God:    Sif Muna [......]
Gold:   0          SH:  0    Dex: 12    Spells: 5/18 levels left

rFire   . . .      SeeInvis .     - Unarmed
rCold   . . .      Faith    .   (no shield)
rNeg    . . .      Spirit   .   (helmet restricted)
rPois   .          Reflect  .   (no amulet)
rElec   .          Harm     .   (no ring)
rCorr   .          Rampage  .   (no ring)
Will    .....      NoTele   +   (no ring)
Stlth   ++++......              (no ring)
HPRegen 0.15/turn               (no ring)
MPRegen 0.15/turn               (no ring)
                                (no ring)
                                (no ring)

@: no status effects
A: almost no armour, amphibious, 8 rings, camouflage 1, gelatinous body 1,
(nimble swimmer 1), tentacles, deterioration 1, frail 1
a: Renounce Religion


You were in the Dungeon.
You worshipped Sif Muna.
Sif Muna was noncommittal.
You visited 1 branch

Inventory:

Potions
 a - 2 potions of magic
 b - a potion of curing


   Skills:
 - Level 6.1 Fighting
 + Level 5.4 Dodging
 + Level 6.3 Stealth
 + Level 3.3 Unarmed Combat
 + Level 6.0 Spellcasting
 + Level 2.1 Conjurations
 + Level 0.2 Hexes
 + Level 10.5 Fire Magic


You had 5 spell levels left.
You knew the following spells:

 Your Spells              Type           Power      Damage    Failure   Level
a - Foxfire               Conj/Fire      100%       2x1d9     1%          1
b - Conjure Flame         Conj/Fire      26%        6-21      2%          3
c - Inner Flame           Hex/Fire       23%        N/A       4%          3
d - Flame Wave            Conj/Fire      26%        2d7       10%         4
e - Scorch                Fire           80%        2d9       1%          2

Your spell library contained the following spells:

 Spells                   Type           Power      Damage    Failure   Level


Dungeon Overview and Level Annotations

Branches:
Dungeon (1/1)

Altars:
Cheibriados
Dithmenos
Elyvilon
Fedhas
Gozag
Hepliaklqana
Kikubaaqudgha
Makhleb
Nemelex Xobeh
Okawaru
Qazlal
Ru
Sif Muna
Trog
Uskayaw
Vehumet
Wu Jian
Xom
Yredelemnul
Zin
The Shining One
Beogh
Jiyva
Lugonu

Annotations:
D Menkaure, Roxanne


Innate Abilities, Weirdness & Mutations

You cannot wear most types of armour.
You are amphibious.
You can wear up to eight rings at the same time.
Your skin changes colour to match your surroundings (Stealth+).
Your rubbery body absorbs attacks. (AC +1, EV +1)
((You are camouflaged when in or above water. (Stealth+)))
You have tentacles for arms and can constrict up to eight enemies at once.
Your body sometimes deteriorates upon taking damage.
You are frail. (-10% HP)


Message History

You are engulfed in a cloud of scalding steam.
Found four altars.
Found three altars.
Found a shimmering altar of Xom and a sacrificial altar of Ru.
You open the door.
Found four items.
Found four altars.
There is an open door here.
Found ten items.
Found a roughly hewn altar of Beogh.
Found four items.
Found 11 gold pieces and a leather armour.
Found a scroll labelled ECIGUMM RIECW and a spear.
There is a bloodstained altar of Trog here.
There is a shimmering blue altar of Sif Muna here.
You curl up in front of the altar of Sif Muna.
Sif Muna welcomes you!
There is an open door here.
Found 8 gold pieces and a spear.
Found ten items.
Found five items.
Found 30 gold pieces, a potion of curing and a scroll labelled ECIGUMM RIECW.
The water moccasin hisses angrily.
You open the door.
Found eight items.
Tentacles burst out of the water! 4 tentacles come into view.
There is an open door here.
Found five items.
The tentacle closely misses you.
You see here 8 gold pieces.
Casting: Foxfire (safe; 1% risk of failure)
Confirm with . or Enter, or press ? or * to list all spells.
Okay, then.
Unknown command.
Unknown command.
Unknown command.
Unknown command.
You aren't carrying any scrolls.
Unknown command.
Unknown command.
The tentacle slaps you!!
Ouch! That really hurt!
You die...

▓▓▓▓▓▓▓▓▓▓ $?$?$![)▓▓
▓[$!??[(!▓▓ +.###
)▓(![$[:??▓▓ ...#
#▓$!$!)[$$▓▓ #..#
#▓)!$?$$)$▓▓ +..#
#▓!!!!??[!▓▓ #..#
#▓)???[[)@▓▓
##..####▓?[$()$w$▓▓
###...##▓▓▓▓▓▓▓│▓▓▓▓+▓
..≈≈≈≈≈≈≈≈≈≈≈≈≈.──Xw≈▓
..≈#'########+###.ww≈▓
..≈#_._._...#≈≈≈##≈≈≈▓
≈.≈#._._._._#≈≈≈≈####▓
≈≈≈#_._._._.#S§≈≈≈#
§§≈#._._._._#≈≈≈≈≈§


You could see a kraken and 3 tentacles.

Vanquished Creatures
  4 neqoxecs (D)
  A water moccasin (D)
  A worm (D)
6 creatures vanquished.

Vanquished Creatures (others)
  16 foxfires (D)
16 creatures vanquished.

Grand Total: 22 creatures vanquished

Notes
Turn   | Place    | Note
-------+----------+-------------------------------------------
     0 | D        | Conn the Octopode Fire Elementalist began the quest for the
                  | Orb.
     0 | D        | Reached XP level 1. HP: 11/11 MP: 3/3
     1 | D        | Noticed a wyvern
     1 | D        | Noticed a wyvern
     8 | D        | Noticed a neqoxec
     8 | D        | Noticed a neqoxec
     8 | D        | Noticed a neqoxec
     8 | D        | Noticed a neqoxec
    16 | D        | Killed a neqoxec
    17 | D        | Reached skill level 1 in Unarmed Combat
    17 | D        | Reached skill level 7 in Fire Magic
    17 | D        | Reached XP level 2. HP: 13/22 MP: 3/6
    17 | D        | Reached XP level 3. HP: 16/27 MP: 4/8
    17 | D        | Reached XP level 4. HP: 20/33 MP: 4/9
    17 | D        | Reached XP level 5. HP: 22/37 MP: 4/10
    21 | D        | Gained mutation: Your body sometimes deteriorates upon
                  | taking damage. [a neqoxec]
    24 | D        | Killed a neqoxec
    25 | D        | Reached skill level 5 in Fighting
    25 | D        | Reached skill level 5 in Stealth
    25 | D        | Reached skill level 8 in Fire Magic
    25 | D        | Reached XP level 6. HP: 28/45 MP: 4/13
    31 | D        | Killed a neqoxec
    32 | D        | Reached skill level 5 in Dodging
    32 | D        | Reached skill level 5 in Spellcasting
    32 | D        | Reached skill level 9 in Fire Magic
    40 | D        | Identified Roxanne's Tome of Stones
    40 | D        | Noticed Roxanne
    42 | D        | Noticed Menkaure
    50 | D        | Found an iron altar of Okawaru.
    50 | D        | Found an opulent altar of Gozag.
    56 | D        | Learned a level 3 spell: Conjure Flame
    60 | D        | Learned a level 3 spell: Inner Flame
    65 | D        | Learned a level 4 spell: Flame Wave
    75 | D        | Learned a level 2 spell: Scorch
    87 | D        | Gained mutation: You are frail. (-10% HP) [a neqoxec]
    88 | D        | Killed a neqoxec
    89 | D        | Reached skill level 10 in Fire Magic
    89 | D        | Reached XP level 7. HP: 12/46 MP: 11/15
   195 | D        | Found a sparkling altar of Nemelex Xobeh.
   195 | D        | Found a blossoming altar of Fedhas.
   196 | D        | Found a radiant altar of Vehumet.
   196 | D        | Found a burning altar of Makhleb.
   196 | D        | Found a white marble altar of Elyvilon.
   197 | D        | Found a hide-covered altar of Uskayaw.
   197 | D        | Found a corrupted altar of Lugonu.
   197 | D        | Found a shadowy altar of Dithmenos.
   198 | D        | Found a glowing silver altar of Zin.
   198 | D        | Found a bloodstained altar of Trog.
   198 | D        | Found an ancient bone altar of Kikubaaqudgha.
   198 | D        | Found a snail-covered altar of Cheibriados.
   199 | D        | Found a basalt altar of Yredelemnul.
   199 | D        | Found a shimmering blue altar of Sif Muna.
   199 | D        | Found a viscous altar of Jiyva.
   200 | D        | Found a shimmering altar of Xom.
   200 | D        | Found a sacrificial altar of Ru.
   202 | D        | Found a glowing golden altar of the Shining One.
   202 | D        | Found an ornate altar of the Wu Jian Council.
   202 | D        | Found a stormy altar of Qazlal.
   202 | D        | Found a hazy altar of Hepliaklqana.
   208 | D        | Became a worshipper of Sif Muna the Loreminder
   221 | D        | Noticed a kraken
   227 | D        | Slain by a tentacle

Illustrated notes

Levels and vault maps discovered:
D:        the_violet_keep_of_menkaure [sprint2_stairs_cluster_1,
          sprint2_shoproom, sprint2_temple, sprint2_basic_supplies,
          sprint2_obstacle_1, sprint2_obstacle_3, sprint2_obstacle_6,
          sprint2_obstacle_2, sprint2_obstacle_7, sprint2_timed_cluster_1,
          sprint2_smallroom_cluster_1, sprint2_smallroom_final_cluster_1,
          sprint2_transparent_cluster_1, sprint2_second_timed_cluster_1,
          sprint2_sniper_area_1, sprint2_heavy_combat_area_1,
          sprint2_mutation_trap_area_1, sprint2_forest_area_1,
          sprint2_light_combat_area_1, sprint2_behind_water_1,
          sprint2_near_end_vault_1]

Skill      XL: |  1  2  3  4  5  6  7 |
---------------+----------------------+-----
Fighting       | 4 5 6 |  6.1
Dodging        | 3 4 5 |  5.4
Stealth        | 4 5 6 |  6.3
Unarmed Combat | 1 3 |  3.3
Spellcasting   | 3 4 5 6 |  6.0
Fire Magic     | 7 8 10 | 10.5
Conjurations   | 2 |  2.1
Hexes          | |  0.2

Action                   |  1- 3 |  4- 6 |  7- 9 || total
-------------------------+-------+-------+-------++-------
Melee: Unarmed           |     5 |    17 |       ||    22
       Tentacles         |     2 |     4 |       ||     6
       Constrict         |     1 |     2 |       ||     3
 Cast: Foxfire           |       |     6 |     4 ||    10
       Inner Flame       |       |     2 |       ||     2
       Scorch            |       |     1 |       ||     1
  Use: Potion            |     2 |     2 |       ||     4
       Scroll            |       |     1 |       ||     1
Armor: Skin              |     1 |     1 |       ||     2
Dodge: Dodged            |     2 |     7 |     1 ||    10

Table legend: (Time is in decaauts)
 A = Elapsed time spent in this place.
 B = Non-inter-level travel time spent in this place.
 C = Inter-level travel time spent in this place.
 D = Time resting spent in this place.
 E = Time spent auto-exploring this place.
 F = Levels seen in this place.
 G = Mean time per level.
                   A        B        C        D        E       F      G
               +--------+--------+--------+--------+--------+-----+--------+
         Total |    217 |    217 |      0 |     96 |      0 |   1 |  217.0 |
       Dungeon |    217 |    217 |      0 |     96 |      0 |   1 |  217.0 |
               +--------+--------+--------+--------+--------+-----+--------+

Top non-repeatable levels by time:
       D: 217 daAuts
